 Dungeon Crawl Stone Soup version 0.32-a0-128-g77eb882913 (webtiles) character file.

Game seed: 10934759384598096265

72 Ambrosia the Shield-Bearer (level 4, -1/40 HPs)
             Began as a Minotaur Fighter on Feb 7, 2024.
             Slain by a goblin
             ... wielding a +0 club
             ... led by Robin
              (2 damage)
             ... on level 2 of the Dungeon.
             The game lasted 00:02:43 (1554 turns).

Ambrosia the Shield-Bearer (Minotaur Fighter)       Turns: 1554, Time: 00:02:43

Health: -1/40      AC:  3    Str: 20    XL:     4   Next: 6%
Magic:  3/3        EV: 11    Int:  5    God:
Gold:   82         SH:  5    Dex: 12    Spells: 3/3 levels left

rFire   . . .        d - +0 whip
rCold   . . .        c - +0 buckler
rNeg    . . .        a - +0 robe
rPois   .            (helmet restricted)
rElec   .            (no cloak)
rCorr   .            g - +0 pair of gloves
SInv    .            (no boots)
Will    .....        (no amulet)
Stlth   +            j - ring of wizardry {wiz+}
HPRegen 0.26/turn    (no ring)
MPRegen 0.08/turn

%: wizardry (x1)
@: mighty
A: horns 2, retaliatory headbutt
a: no special abilities


You were on level 2 of the Dungeon.
You visited 1 branch of the dungeon, and saw 2 of its levels.

You collected 82 gold pieces.

Inventory:

Hand Weapons
 d - a +0 whip (weapon)
   (You took it off a kobold on level 2 of the Dungeon)
 i - a +0 sling
   (You found it on level 1 of the Dungeon)
Armour
 a - a +0 robe (worn)
   (You found it on level 1 of the Dungeon)
 c - a +0 buckler (worn)
 g - a +0 pair of gloves (worn)
   (You found it on level 1 of the Dungeon)
Jewellery
 j - a ring of wizardry (left hand) {wiz+}
   (You found it on level 2 of the Dungeon)
Scrolls
 e - a scroll of amnesia
Potions
 b - a potion of ambrosia {unknown}
 f - a potion of curing {unknown}
 h - a potion of mutation {!q}


   Skills:
 + Level 4.1 Fighting
 - Level 2.4 Axes
 * Level 1.7 Ranged Weapons
 + Level 4.0 Armour
 + Level 1.6 Dodging
 + Level 4.2 Shields


You had 3 spell levels left.
You didn't know any spells.
Your spell library was empty.

Dungeon Overview and Level Annotations

Branches:
Dungeon (2/15) Zot: 10403

Altars:

Annotations:
D:2 Robin


Innate Abilities, Weirdness & Mutations

You have a pair of horns on your head.
You reflexively headbutt those who attack you in melee.


Message History

The hobgoblin hits you. You block the goblin's attack.
The hobgoblin misses you. The kobold hits you with a +0 whip.
A hobgoblin comes into view.
You take 8 damage, and have 21/33 hp.
MASSIVE DAMAGE!!
You are too injured to fight recklessly!
You are too injured to fight recklessly!
You are too injured to fight recklessly!
Unknown command.
As you read the scroll of identify {@r1}, it crumbles to dust.
h - a potion of mutation The hobgoblin no longer looks unusually strong.
The goblin no longer looks unusually strong.
The goblin hits you with a +0 club. The hobgoblin barely misses you.
The kobold barely misses you.
You take 3 damage, and have 18/33 hp.
You feel very mighty all of a sudden.
The hobgoblin no longer looks unusually strong.
The goblin hits you but does no damage.
Robin roars a battlecry!
The goblins go into a battle-frenzy!
The hobgoblin barely misses you. The kobold hits you with a +0 whip.
You take 1 damage, and have 17/33 hp.
Fire: i) +0 sling
Press: ? - help, Shift-Dir - straight line, f - kobold, p - hobgoblin
Aim: a kobold, wielding a +0 whip (45% to hit)
You shoot a sling bullet.
The sling bullet closely misses the kobold.
The goblin misses you. The hobgoblin closely misses you.
The kobold hits you with a +0 whip.
You take 3 damage, and have 14/33 hp.
You are now empty-handed.
The hobgoblin no longer looks unusually strong.
You block the goblin's attack. You block the hobgoblin's attack.
The kobold barely misses you.
You closely miss the kobold. Your headbutt misses the kobold.
You block the goblin's attack. You block the kobold's attack.
The hobgoblin hits you.
You take 3 damage, and have 11/33 hp.
You closely miss the kobold. You block the goblin's attack.
Robin roars a battlecry!
The hobgoblin goes into a battle-frenzy!
The hobgoblin barely misses you. You furiously retaliate!
You headbutt the hobgoblin.
You kill the hobgoblin!
The kobold hits you with a +0 whip.
* * * LOW HITPOINT WARNING * * *
You have reached level 4!
You feel agile.
You take 1 damage, and have 10/40 hp.
MP restored: 3 You barely miss the kobold.
The goblin hits you with a +0 club.
* * * LOW HITPOINT WARNING * * *
The hobgoblin barely misses you. The kobold barely misses you.
You take 3 damage, and have 7/40 hp.
You closely miss the kobold. You headbutt the kobold.
You kill the kobold!
The goblin completely misses you. You furiously retaliate!
You headbutt the goblin!
You kill the goblin!
The goblin shoots a sling bullet.
The sling bullet barely misses you. The hobgoblin closely misses you.
Robin throws the goblin at you!
* * * LOW HITPOINT WARNING * * *
The goblin unwields a +0 sling.
The goblin wields a +0 dagger.
You block the goblin's attack.
Things that are here:
a +0 whip; a kobold corpse You take 1 damage, and have 7/40 hp.
d - a +0 whip The goblin unwields a +0 club.
The goblin wields a +0 sling.
The goblin shoots a sling bullet.
You block the sling bullet.
The hobgoblin hits you but does no damage.
The goblin barely misses you.
d - a +0 whip (weapon)
You are too injured to fight recklessly!
You are too injured to fight recklessly!
Hit: d) +0 whip
Press: ? - help, Dir - move target, f - goblin
Aim: a goblin, wielding a +0 dagger (strong, about 49% to evade your +0 whip)
You barely miss the goblin. The hobgoblin misses you.
The goblin shoots a sling bullet.
The sling bullet hits you.
* * * LOW HITPOINT WARNING * * *
The goblin closely misses you.
You take 2 damage, and have 5/40 hp.
Hit: d) +0 whip
Press: ? - help, Dir - move target, f/p - goblin
Aim: a goblin, wielding a +0 dagger (strong, about 49% to evade your +0 whip)
You whack the goblin!
You kill the goblin!
The hobgoblin hits you.
* * * LOW HITPOINT WARNING * * *
Robin throws the goblin at you!
* * * LOW HITPOINT WARNING * * *
The goblin unwields a +0 sling.
The goblin wields a +0 club.
The goblin barely misses you.
You take 4 damage, and have 1/40 hp.
Hit: d) +0 whip
Press: ? - help, Dir - move target, f - goblin
Aim: a goblin, wielding a +0 club (strong, about 49% to evade your +0 whip)
You closely miss the goblin. The hobgoblin barely misses you.
The goblin hits you with a +0 club.
You die...

###### #.....
#.##.##### #
#######.#).#.#.#.#
g.......##..⌠....
g.g...g.#.⌠...## .
#g##.g.⌠.#
..#.gg@)..##
........#g#.#..#
........#####.##.#
######...........#
.'...'†.#.####
##...##.#.#
#..........#.#.#
###
#.........<#.#.#
..#
#.......##.#.#.#


You could see Robin, 3 hobgoblins and a goblin (strong).

Vanquished Creatures
  2 adders (D:2)
  3 dart slugs (D:1 D:2)
  6 endoplasms (D:1 D:2)
  3 giant cockroaches (D:1)
  5 goblins (D:1 D:2)
  6 hobgoblins (D:1 D:2)
  2 kobolds (D:1 D:2)
  2 quokkas (D:2)
  3 ball pythons (D:1 D:2)
  6 bats (D:1 D:2)
  4 rats (D:1 D:2)
42 creatures vanquished.

Notes
Turn   | Place    | Note
-------+----------+-------------------------------------------
     0 | D:1      | Ambrosia the Minotaur Fighter began the quest for the Orb.
     0 | D:1      | Reached XP level 1. HP: 19/19 MP: 0/0
   418 | D:1      | Reached XP level 2. HP: 27/27 MP: 1/1
   420 | D:1      | Found a faded altar of an unknown god.
   492 | D:1      | Reached skill level 1 in Dodging
   604 | D:1      | Reached skill level 4 in Shields
  1224 | D:2      | Reached skill level 1 in Ranged Weapons
  1224 | D:2      | Reached XP level 3. HP: 27/33 MP: 2/2
  1272 | D:2      | Reached skill level 4 in Fighting
  1343 | D:2      | Reached skill level 4 in Armour
  1528 | D:2      | Identified the +3 helmet "Posum" {rPois Str+7 Slay+3}
  1528 | D:2      | Noticed Robin
  1543 | D:2      | HP: 14/33 [kobold/+0 whip (4)]
  1547 | D:2      | Reached XP level 4. HP: 10/40 MP: 3/3
  1549 | D:2      | HP: 7/40 [Robin/goblin (1)]
  1553 | D:2      | HP: 3/40 [hobgoblin[Robin] (2)]
  1553 | D:2      | HP: 1/40 [Robin/goblin (2)]
  1554 | D:2      | Slain by a goblin

Illustrated notes

Levels and vault maps discovered:
D:1:      shiori_arrival_elements, layout_basic, basic_ecumenical_altar
D:2:      layout_basic, serial_bayou_pond_a, minmay_octomino_e4, uniq_robin

Skill      XL: |  1  2  3 |
---------------+----------+-----
Dodging        | 1 |  1.6
Shields        | 4 |  4.2
Ranged Weapons | 1 |  1.7
Fighting       | 4 |  4.1
Armour         | 4 |  4.0
Axes           | |  2.4

Action                     |  1- 3 |  4- 6 || total
---------------------------+-------+-------++-------
  Melee: War axe           |    29 |       ||    29
         Headbutt          |     1 |     1 ||     2
         Unarmed           |     2 |     2 ||     4
         Whip              |       |     3 ||     3
   Fire: Sling             |    84 |       ||    84
    Use: Scroll            |     2 |       ||     2
         Potion            |     1 |       ||     1
 Armour: Scale mail        |    21 |       ||    21
         Robe              |    36 |     7 ||    43
  Dodge: Dodged            |    54 |    10 ||    64
  Block: Buckler           |    30 |     2 ||    32

Table legend: (Time is in decaauts)
 A = Elapsed time spent in this place.
 B = Non-inter-level travel time spent in this place.
 C = Inter-level travel time spent in this place.
 D = Time resting spent in this place.
 E = Time spent auto-exploring this place.
 F = Levels seen in this place.
 G = Mean time per level.
                   A        B        C        D        E       F      G
               +--------+--------+--------+--------+--------+-----+--------+
         Total |   1595 |   1401 |    194 |      0 |   1123 |   2 |  797.5 |
       Dungeon |   1595 |   1401 |    194 |      0 |   1123 |   2 |  797.5 |
               +--------+--------+--------+--------+--------+-----+--------+

Top non-repeatable levels by time:
     D:1: 1112 daAuts
     D:2: 483 daAuts

Levels and vault maps discovered:
D:1:      shiori_arrival_elements, layout_basic, basic_ecumenical_altar
D:2:      layout_basic, serial_bayou_pond_a, minmay_octomino_e4, uniq_robin

Table legend: (Time is in decaauts)
 A = Elapsed time spent in this place.
 B = Non-inter-level travel time spent in this place.
 C = Inter-level travel time spent in this place.
 D = Time resting spent in this place.
 E = Time spent auto-exploring this place.
 F = Levels seen in this place.
 G = Mean time per level.
                   A        B        C        D        E       F      G
               +--------+--------+--------+--------+--------+-----+--------+
         Total |   1595 |   1401 |    194 |      0 |   1123 |   2 |  797.5 |
       Dungeon |   1595 |   1401 |    194 |      0 |   1123 |   2 |  797.5 |
               +--------+--------+--------+--------+--------+-----+--------+

Top non-repeatable levels by time:
     D:1: 1112 daAuts
     D:2: 483 daAuts

Table legend:
 A = Kills in this place as a percentage of kills in the entire game.
 B = Kills by you in this place as a percentage of kills by you in the entire game.
 C = Kills by friends in this place as a percentage of kills by friends in the entire game.
 D = Other kills in this place as a percentage of other kills in the entire game.
 E = Experience gained in this place as a percentage of experience gained in the entire game.
 F = Experience gained in this place divided by the number of levels of this place that you have seen.
                   A       B       C       D       E      F
               +-------+-------+-------+-------+-------+----------------------
         Total | 100.0 | 100.0 |   N/A |   N/A | 100.0 |  51.5
       Dungeon | 100.0 | 100.0 |   N/A |   N/A | 100.0 |  51.5
               +-------+-------+-------+-------+-------+----------------------
